 Dungeon Crawl Stone Soup version 0.24.0-37-gcf1ca852f1 (webtiles) character file.

Game seed: 13807236160503493378, levelgen mode: deterministic

84 H0rd4k the Magician (level 4, -3/24 HPs)
             Began as a Deep Elf Wizard on Nov 27, 2019.
             Slain by an orc
             ... wielding a +1 hand axe of chopping
              (6 damage)
             ... on level 3 of the Dungeon.
             The game lasted 00:03:55 (2072 turns).

H0rd4k the Magician (Deep Elf Wizard)               Turns: 2072, Time: 00:03:56

Health: -3/24      AC:  2    Str:  4    XL:     4   Next: 24%
Magic:  6/14       EV: 13    Int: 24    God:
Gold:   98         SH:  0    Dex: 13    Spells: 6/15 levels left

rFire    . . .     SeeInvis .   (no weapon)
rCold    . . .     Gourm    .   (no shield)
rNeg     . . .     Faith    .   a - +0 robe
rPois    .         Spirit   .   b - +0 hat
rElec    .         Reflect  .   (no cloak)
rCorr    .         Harm     .   (no gloves)
MR       .....                  (no boots)
Stlth    ++........             (no amulet)
HPRegen  0.08/turn              (no ring)
MPRegen  0.14/turn              (no ring)

@: no status effects
A: no striking features
a: no special abilities


You were on level 3 of the Dungeon.
You were not hungry.

You visited 1 branch of the dungeon, and saw 3 of its levels.

You collected 98 gold pieces.

Inventory:

Hand Weapons
 o - a cursed -3 dagger
Armour
 a - a +0 robe (worn)
 b - a +0 hat (worn)
Jewellery
 k - an uncursed ring of positive energy {unknown}
 p - an uncursed amulet of guardian spirit {unknown}
 q - a +3 ring of intelligence {unknown}
 s - an uncursed ring of flight {unknown}
Wands
 j - a wand of scattershot (3)
Scrolls
 e - a scroll of identify {unknown}
 f - a scroll of enchant armour {unknown}
 h - a scroll of immolation {unknown}
 m - a scroll of teleportation {unknown}
 r - a scroll of fear {unknown}
 t - a scroll of magic mapping {unknown}
Potions
 c - a potion of cancellation {unknown}
 g - 3 potions of heal wounds {unknown}
 i - 2 potions of experience {unknown}
 l - a potion of degeneration {unknown}
 n - a potion of flight {unknown}
Comestibles
 d - 4 rations


   Skills:
 + Level 3.1 Dodging
 + Level 2.9 Stealth
 + Level 6.0 Spellcasting
 + Level 1.9 Conjurations
   Level 1.1 Summonings
 + Level 1.3 Translocations


You had 6 spell levels left.
You knew the following spells:

 Your Spells              Type           Power        Failure   Level  Hunger
a - Magic Dart            Conj           ###.         3%          1    None
b - Blink                 Tloc           N/A          7%          2    None
c - Conjure Flame         Conj/Fire      ##......     16%         3    #......
d - Mephitic Cloud        Conj/Pois/Air  ##......     19%         3    #......

Your spell library contained the following spells:

 Spells                   Type           Power        Failure   Level  Hunger
 Call Imp                 Summ           ##......     8%          2    None
 Slow                     Hex            #.......     12%         2    None


Dungeon Overview and Level Annotations

Branches:
Dungeon (3/15)

Altars:
Gozag
Zin

Shops:
D:3 *


Message History

Aim: an orc, wielding a +1 hand axe of chopping and wearing a +0 ring mail (moderately wounded)
The magic dart hits the orc but does no damage.
The orc is moderately wounded.
The orc closely misses you.
Sorry, you're not good enough to have a special ability.
Casting: Magic Dart (safe; 3% risk of failure)
Confirm with . or Enter, or press ? or * to list all spells.
Aiming: Magic Dart (safe; 3% risk of failure)
Press: ? - help, Shift-Dir - straight line, f/p - orc
Aim: an orc, wielding a +1 hand axe of chopping and wearing a +0 ring mail (moderately wounded)
The magic dart hits the orc.
The orc is heavily wounded.
The orc hits you with a +1 hand axe of chopping!
* * * LOW HITPOINT WARNING * * *
x2
Casting: Magic Dart (safe; 3% risk of failure)
Confirm with . or Enter, or press ? or * to list all spells.
You don't know that spell.
Unknown command.
The orc hits you with a +1 hand axe of chopping.
You die...

########## ###
.........######################..
#................<.....>.......†.
#######...#####################..
###......######## #..
####..........# #.. #..#..@..##
##### #.. #.###..o..# ....# ###
#.#⌠_..∩..# .$. #.###.....##.# ..
#.........# ##........####
#####...... #...###### ..†###


You could see an orc.

Vanquished Creatures
  3 adders (D:2)
  2 worms (D:2)
  A leopard gecko (D:1)
  A ball python (D:1)
  3 giant cockroaches
  4 goblins
  4 hobgoblins
  7 jackals
  6 kobolds
  2 quokkas (D:2)
  5 bats
  5 frilled lizards
  5 rats
48 creatures vanquished.

Notes
Turn   | Place    | Note
-------+----------+-------------------------------------------
     0 | D:1      | H0rd4k the Deep Elf Wizard began the quest for the Orb.
     0 | D:1      | Reached XP level 1. HP: 10/10 MP: 7/7
   215 | D:1      | Reached XP level 2. HP: 15/15 MP: 6/9
   344 | D:1      | Reached skill level 5 in Spellcasting
   710 | D:1      | Reached XP level 3. HP: 18/19 MP: 7/11
   714 | D:1      | Learned a level 2 spell: Blink
   718 | D:1      | Learned a level 3 spell: Conjure Flame
   722 | D:1      | Learned a level 3 spell: Mephitic Cloud
  1319 | D:2      | Found an opulent altar of Gozag.
  1466 | D:2      | Reached XP level 4. HP: 24/24 MP: 3/13
  1783 | D:2      | Reached skill level 6 in Spellcasting
  2044 | D:3      | Found Zin's Purification Station.
  2049 | D:3      | Found a glowing silver altar of Zin.
  2072 | D:3      | Slain by an orc

Levels and vault maps discovered:
D:1:      lightli_arrival_noodles, layout_basic
D:2:      layout_basic, grunt_gozag_breadcrumbs
D:3:      layout_rooms, nicolae_overflow_crystal_walls, zin_purify,
          lemuel_doored_altar, first_ration

Skill      XL: |  1  2  3  4 |
---------------+-------------+-----
Spellcasting   | 5 6 |  6.0
Dodging        | 3 |  3.1
Stealth        | |  2.9
Conjurations   | |  1.9
Summonings     | |  1.1
Translocations | |  1.3

Action                   |  1- 3 |  4- 6 || total
-------------------------+-------+-------++-------
Melee: Unarmed           |     1 |       ||     1
 Cast: Magic Dart        |   108 |    40 ||   148
       Blink             |     2 |       ||     2
  Eat: Chunk             |     1 |     2 ||     3
Dodge: Dodged            |    12 |     4 ||    16
